 Dungeon Crawl Stone Soup version 0.21-a0-401-g0b6bec4 (webtiles) character file.

450 kae the Digger (level 7, -4/36 HPs)
             Began as a Gargoyle Earth Elementalist on Oct 25, 2017.
             Killed from afar by Ijyb (11 damage)
             ... with a wand of acid (?/15)
             ... on level 3 of the Dungeon.
             The game lasted 00:05:23 (4167 turns).

kae the Digger (Gargoyle Earth Elementalist)        Turns: 4167, Time: 00:05:25

Health: -4/36      AC:  3    Str: 11    XL:     7   Next: 4%
Magic:  6/13       EV: 12    Int: 18    God:
Gold:   170        SH:  0    Dex: 10    Spells: 10/14 levels left

rFire    . . .     SeeInvis .   m - +1 short sword
rCold    . . .     Gourm    +   (no shield)
rNeg     + . .     Faith    .   c - +1 robe
rPois    ∞         Spirit   .   (no helmet)
rElec    +         Reflect  .   (no cloak)
rCorr    .         Harm     .   (no gloves)
MR       .....                  (no boots)
Stlth    +++.......             j - amulet of the gourmand
HPRegen  0.12/turn              p - ring of stealth
MPRegen  0.13/turn              (no ring)

@: corroded
A: negative energy resistance 1, electricity resistance, unbreathing,
petrification resistance, rot immunity, AC +4
a: no special abilities


You were on level 3 of the Dungeon.
You were not hungry.

You visited 1 branch of the dungeon, and saw 3 of its levels.

You collected 170 gold pieces.

Inventory:

Hand Weapons
 m - a +1 short sword (weapon)
Missiles
 b - 47 stones (quivered)
Armour
 c - a +1 robe (worn)
Jewellery
 j - an amulet of the gourmand (around neck)
 p - a ring of stealth (left hand)
Scrolls
 g - a scroll of remove curse
 h - a scroll of fog
 i - 2 scrolls of teleportation
 k - 3 scrolls of enchant armour
Potions
 a - a potion of brilliance
 l - 4 potions of curing {unknown}
 o - a potion of flight {unknown}
 q - a potion of ambrosia {unknown}
Books
 e - a book of Geomancy

   Spells                             Type                      Level
   a - Sandblast                      Earth                        1
   b - Passwall                       Transmutation/Earth          2
   c - Stone Arrow                    Conjuration/Earth            3
   d - Petrify                        Transmutation/Earth          4
   e - Lee's Rapid Deconstruction     Earth                        5
Comestibles
 d - 4 bread rations
 f - a meat ration


   Skills:
 - Level 1.5 Dodging
 - Level 2.1 Stealth
 + Level 4.3 Spellcasting
 + Level 3.7 Conjurations
   Level 0.7 Transmutations
 + Level 6.2 Earth Magic


You had 10 spell levels left.
You knew the following spells:

 Your Spells              Type           Power        Failure   Level  Hunger
a - Sandblast             Erth           ####..       1%          1    None
b - Stone Arrow           Conj/Erth      ###...       5%          3    ###....


Dungeon Overview and Level Annotations

Branches:
Dungeon (3/15)

Altars:
Trog
Wu Jian

Annotations:
D:3 Ijyb


Innate Abilities, Weirdness & Mutations

You are resistant to torment.
Your stone body is resilient. (AC +4)
You are immune to poison.
You resist negative energy. (rN+)
You are resistant to electric shocks. (rElec)
You can survive without breathing.
You are immune to petrification.
You are immune to rotting.


Message History

Casting: Sandblast
Confirm with . or Enter, or press ? or * to list all spells.
Aiming: Sandblast
Press: ? - help, Shift-Dir - straight line, f/p - Ijyb
Aim: Ijyb, wielding a dagger, wearing a scale mail and carrying a wand of acid (?/15) {zapped: 3} (severely wounded)
The blast of sand hits Ijyb.
Ijyb is severely wounded.
b - 48 stones Ijyb zaps a wand.
The bolt of acid hits you! The acid corrodes you!
You are splashed with acid!
The acid burns!
* * * LOW HITPOINT WARNING * * *
Casting: Sandblast
Confirm with . or Enter, or press ? or * to list all spells.
Aiming: Sandblast
Press: ? - help, Shift-Dir - straight line, f/p - Ijyb
Aim: Ijyb, wielding a dagger, wearing a scale mail and carrying a wand of acid (?/15) {zapped: 4} (severely wounded)
The blast of sand misses Ijyb.
b - 47 stones Ijyb zaps a wand.
The bolt of acid hits you!
You die...

###.....##########.....# #..
##..##...##,,,* ##.....# ##..
...####.g.?..#*##......#######...
#..g....<...## #..###..#.........
##.,..##...#####.##.##...##......
.........[.......#...#...##......
##.#....#.#.#..####'####..#.#.#.#
##.##.#.....#.##.#...#.##.#§#...#
..[...........g)@'...'..#...#..##
.<...?........##.#...#.##§.....##
..........#....####'####§§...##..
........#.#.##...#)))#..........#
...[.............##.##....(.÷####
......#...........###......#.#
........#..###.............÷.#
.............................#
................###....#.##.##


You could see Ijyb.

Vanquished Creatures
  Grinder (D:3)
  A sky beast (D:3)
  6 adders
  3 gnolls (D:3)
  2 oozes (D:2)
  3 worms
  2 ball pythons
  A giant cockroach (D:1)
  14 goblins
  14 hobgoblins
  8 kobolds
  2 quokkas (D:2)
  8 bats
  5 frilled lizards
  5 rats
75 creatures vanquished.

Notes
Turn   | Place    | Note
-------+----------+-------------------------------------------
     0 | D:1      | kae the Gargoyle Earth Elementalist began the quest for the Orb.
     0 | D:1      | Reached XP level 1. HP: 10/10 MP: 3/3
   318 | D:1      | Reached XP level 2. HP: 3/15 MP: 3/5
   325 | D:1      | Reached skill level 4 in Earth Magic
  1208 | D:1      | Reached XP level 3. HP: 14/19 MP: 6/6
  1213 | D:1      | Learned a level 3 spell: Stone Arrow
  1918 | D:2      | Found an ornate altar of the Wu Jian Council.
  1984 | D:2      | Reached skill level 1 in Conjurations
  1987 | D:2      | Reached XP level 4. HP: 18/24 MP: 3/8
  2105 | D:2      | Found a faded altar of an unknown god.
  2706 | D:2      | Found a bloodstained altar of Trog.
  2925 | D:3      | Reached skill level 5 in Earth Magic
  3088 | D:3      | Noticed Ijyb
  3196 | D:3      | Noticed a sky beast
  3358 | D:3      | Reached XP level 5. HP: 20/28 MP: 9/9
  3372 | D:3      | Noticed Grinder
  3384 | D:3      | Paralysed by Grinder for 7 turns
  3400 | D:3      | Paralysed by Grinder for 7 turns
  3408 | D:3      | Killed Grinder
  3408 | D:3      | Reached XP level 6. HP: 13/32 MP: 1/11
  3631 | D:3      | Killed a sky beast
  3631 | D:3      | Reached skill level 6 in Earth Magic
  3908 | D:3      | Reached XP level 7. HP: 31/36 MP: 1/13
  4167 | D:3      | Killed from afar by Ijyb

Vault maps used:
D:1:      shiori_shiawase, serial_glass, glass_columns_a, glass_columns_c,
          grunt_decor_fettered
D:2:      nicolae_overflow_hidden_temple, lemuel_crystal_altar,
          chequers_ecumenical_altar_simple_redux, first_bread
D:3:      cheibrodos_greedy_goblins, uniq_ijyb, uniq_grinder

Skill      XL: |  1  2  3  4  5  6 |
---------------+-------------------+-----
Earth Magic    | 4 5 6 |  6.2
Conjurations   | 1 3 |  3.7
Spellcasting   | 3 4 |  4.3
Dodging        | |  1.5
Stealth        | |  2.1
Transmutations | |  0.7

Action                   |  1- 3 |  4- 6 |  7- 9 || total
-------------------------+-------+-------+-------++-------
Melee: Unarmed           |    82 |       |       ||    82
       Dagger            |    53 |       |       ||    53
       Short sword       |     8 |   149 |    10 ||   167
 Cast: Sandblast         |    22 |    18 |     5 ||    45
       Stone Arrow       |       |     8 |     1 ||     9
  Use: Scroll            |       |     8 |       ||     8
 Stab: Sleeping          |     4 |     3 |       ||     7
  Eat: Chunk             |     2 |     4 |     4 ||    10
       Meat ration       |       |     1 |       ||     1
Armor: Robe              |    50 |    58 |     2 ||   110
Dodge: Dodged            |   111 |   111 |    11 ||   233

Table legend:
 A = Spawn XP
 B = Non-spawn XP
 C = Spawn XP percentage of total XP
 D = Spawn monster count
 E = Non-spawn monster count
 F = Spawn count percentage of total count
 G = Total turns spent on level
                    A         B        C        D         E        F      G
               +---------+---------+-------+---------+---------+-------+---------
         Total |       0 |     643 |   0.0 |       0 |      75 |   0.0 |  4167
               +---------+---------+-------+---------+---------+-------+---------
           D:1 |       0 |      40 |   0.0 |       0 |      25 |   0.0 |  1608
           D:2 |       0 |     103 |   0.0 |       0 |      23 |   0.0 |  1298
           D:3 |       0 |     500 |   0.0 |       0 |      27 |   0.0 |  1261
               +---------+---------+-------+---------+---------+-------+---------
